 Dungeon Crawl Stone Soup version 0.30-a0-154-gb106f4c828 (webtiles) character file.

Game seed: 11132821929120304000

452 RepoMan the Poker (level 6, -12/47 HPs)
             Began as a Mummy Fighter on Sept 27, 2022.
             Killed from afar by an orc wizard (13 damage)
             ... with a puff of flame
             ... on level 5 of the Dungeon.
             The game lasted 00:25:20 (4423 turns).

RepoMan the Poker (Mummy Fighter)                   Turns: 4423, Time: 00:25:21

Health: -12/47     AC:  7    Str: 22    XL:     6   Next: 75%
Magic:  6/6        EV:  9    Int:  7    God:
Gold:   110        SH:  4    Dex: 11    Spells: 5/5 levels left

rFire   x . .      SeeInvis +    a - +0 trident
rCold   + . .      Faith    +    c - +0 buckler
rNeg    + + +      Spirit   .    b - +0 scale mail
rPois   ∞          Reflect  .    (no helmet)
rElec   .          Harm     .    i - +0 cloak
rCorr   .          Rampage  .    (no gloves)
Will    .....                    (no boots)
Stlth   ..........               (no amulet)
HPRegen 0.15/turn                l - ring of flight
MPRegen 0.10/turn                h - ring of see invisible

@: about to teleport, flying, studying Stealth
A: cold resistance 1, negative energy resistance 3, torment resistance 2, heat
vulnerability 1, in touch with death 1, no potions, faith
a: no special abilities


You were on level 5 of the Dungeon.
You visited 1 branch of the dungeon, and saw 5 of its levels.

You collected 110 gold pieces.

Inventory:

Hand Weapons
 a - a +0 trident (weapon)
 m - the +8 dagger "Oxurgh" {flame, rN+}
   (You found it on level 3 of the Dungeon)

   It burns those it strikes, dealing additional fire damage.
   rN:        It protects you from negative energy.
Missiles
 e - 9 stones
 k - 9 boomerangs (quivered)
 o - an atropa-tipped dart
Armour
 b - a +0 scale mail (worn)
 c - a +0 buckler (worn)
 i - a +0 cloak (worn)
Jewellery
 h - a ring of see invisible (right hand)
 l - a ring of flight (left hand)
Scrolls
 d - a scroll of amnesia
 g - a scroll of enchant armour
 r - a scroll of teleportation


   Skills:
 - Level 3.0 Fighting
 * Level 6.1 Polearms
 - Level 2.4 Armour
 - Level 2.4 Shields


You had 5 spell levels left.
You didn't know any spells.
Your spell library was empty.

Dungeon Overview and Level Annotations

Branches:
Dungeon (5/15)             Temple (0/1) D:5

Altars:
Ashenzari
Vehumet

Annotations:
D:4 exclusions: hornet and hydra


Innate Abilities, Weirdness & Mutations

You are immune to poison.
Your flesh is cold resistant. (rC+)
You are immune to negative energy. (rN+++)
You are immune to unholy pain and torment.
You are vulnerable to heat. (rF-)
You are in touch with the powers of death.
You do not drink.
You have a special connection with the divine. (Faith)


Message History

You hit the orc wizard.
The orc wizard is severely wounded.
The orc wizard gestures at you while chanting.
The magic dart hits you!
The orc wizard points at you and mumbles some strange words.
The puff of flame hits you! The fire burns you terribly!
* * * LOW HITPOINT WARNING * * *
The orc hits you with a +0 flail.
* * * LOW HITPOINT WARNING * * *
The orc closely misses you.
As you read the scroll of teleportation, it crumbles to dust.
You feel strangely unstable.
The orc wizard hits you with a +0 dagger.
* * * LOW HITPOINT WARNING * * *
The orc barely misses you. The orc hits you with a +0 dagger.
* * * LOW HITPOINT WARNING * * *
The orc wizard casts a spell at you.
You easily resist.
The orc wizard attacks as you move away!
The orc wizard hits you with a +3 dagger.
* * * LOW HITPOINT WARNING * * *
Unknown command.
Unknown command.
Okay, then.
Unknown command.
You aren't carrying any items that you can evoke.
Unknown command.
Unknown command.
Press: ? - help, v - describe, . - travel
Here: an orc wizard, wielding a +0 dagger and wearing a +0 robe (severely wounded, slightly transparent)
The floor.
Unknown command.
Throw: throwing net
Press: ? - help, Shift-Dir - straight line, f/p - orc wizard
Aim: an orc wizard, wielding a +3 dagger and wearing a +0 robe (moderately wounded, 47% to hit)
You throw a throwing net.
The throwing net barely misses the orc wizard.
The orc wizard gestures at you while chanting.
The puff of flame hits you! The fire burns you terribly!
You die...

#....#
#.....#..
#....#
#.....#<.
#...## #..
#...## #..
#....# #..
#....# #..
#....+ #..
#....# #..
#o@.## #..
#.oo# #..
#..o......+
#..
#..(......#
#..
#.........#
###
#.........+
#.........#
#.........#
#.........#


You could see 2 orc wizards and 2 orcs.

Vanquished Creatures
  Blork the orc (D:5)
  2 scorpions (D:4)
  A jelly (D:4)
  An orc priest (D:5)
  2 hounds
  An iguana (D:5)
  A statue (D:4)
  3 adders
  An ufetubus (D:4)
  A worm (D:3)
  2 dart slugs
  9 orcs
  6 ball pythons
  2 bats
  5 endoplasms
  5 giant cockroaches
  3 goblins (D:4)
  6 hobgoblins
  4 quokkas
  A frilled lizard (D:1)
  6 kobolds
63 creatures vanquished.

Vanquished Creatures (others)
  A plant (D:5)
1 creature vanquished.

Grand Total: 64 creatures vanquished

Notes
Turn   | Place    | Note
-------+----------+-------------------------------------------
     0 | D:1      | RepoMan the Mummy Fighter began the quest for the Orb.
     0 | D:1      | Reached XP level 1. HP: 18/18 MP: 1/1
   162 | D:1      | Reached skill level 2 in Polearms
   529 | D:1      | Reached XP level 2. HP: 24/24 MP: 2/2
  1059 | D:2      | Gained mutation: You are in touch with the powers of death.
                  | [Mummy growth]
  1059 | D:2      | Reached XP level 3. HP: 29/29 MP: 3/3
  1223 | D:2      | Reached skill level 3 in Polearms
  1645 | D:3      | Identified the +8 dagger "Oxurgh" {flame, rN+}
  1660 | D:3      | Found a faded altar of an unknown god.
  2057 | D:4      | Reached XP level 4. HP: 29/35 MP: 4/4
  2224 | D:4      | Found a broken altar of Ashenzari.
  2228 | D:4      | Saw a vision of the Swamp and the Snake Pit.
  2228 | D:4      | Noticed a tyrant leech
  2228 | D:4      | Noticed a naga ritualist
  2228 | D:4      | Noticed an eleionoma
  2228 | D:4      | Noticed a four-headed hydra
  2228 | D:4      | Noticed a naga
  2228 | D:4      | Noticed a five-headed hydra
  2228 | D:4      | Noticed a naga
  2228 | D:4      | Noticed a naga sharpshooter
  2228 | D:4      | Noticed a naga ritualist
  2228 | D:4      | Noticed a naga
  2228 | D:4      | Noticed a shock serpent
  2228 | D:4      | Noticed a black mamba
  2229 | D:4      | Noticed a mana viper
  2230 | D:4      | Noticed a salamander
  2294 | D:4      | Reached skill level 4 in Polearms
  2644 | D:4      | Noticed a scorpion
  2662 | D:4      | Killed a scorpion
  2662 | D:4      | Noticed a scorpion
  2663 | D:4      | Reached XP level 5. HP: 19/41 MP: 5/5
  2874 | D:4      | Reached skill level 5 in Polearms
  2927 | D:4      | Noticed a hornet
  3120 | D:4      | Reached XP level 6. HP: 42/47 MP: 6/6
  3127 | D:4      | Found a radiant altar of Vehumet.
  3181 | D:5      | Entered Level 5 of the Dungeon
  3181 | D:5      | Found a staircase to the Ecumenical Temple.
  3438 | D:5      | Noticed Blork the orc
  3892 | D:5      | Killed Blork the orc
  4275 | D:5      | Reached skill level 6 in Polearms
  4421 | D:5      | HP: 2/47 [orc/+0 dagger (3)]
  4423 | D:5      | Killed from afar by an orc wizard

Illustrated notes

Levels and vault maps discovered:
D:1:      nagdon_arrival_double_spiral, layout_loops_ring
D:2:      layout_basic, minmay_misc_feat_pillars
D:3:      layout_rooms, shapermc_ecumenical_altar_acropolis,
          nicolae_concentric_dashed_squares_wild
D:4:      layout_basic, vehumet_statue, grunt_ashenzari_visionary
          [grunt_ashenzari_visionary_swamp, grunt_ashenzari_visionary_snake],
          minmay_manual_mail
D:5:      layout_gridville, minmay_temple_entry_offerings, roderic_lattice_a,
          serial_bayou_pond_d, minmay_ruined_shrine, uniq_blork_the_orc

Skill      XL: |  1  2  3  4  5  6 |
---------------+-------------------+-----
Polearms       | 2 3 4 5 6 |  6.1
Fighting       | |  3.0
Armour         | |  2.4
Shields        | |  2.4

Action                   |  1- 3 |  4- 6 || total
-------------------------+-------+-------++-------
Melee: Trident           |    92 |   168 ||   260
Throw: Stone             |    12 |    15 ||    27
       Dart              |       |     7 ||     7
       Throwing net      |       |     5 ||     5
       Boomerang         |       |    26 ||    26
  Use: Scroll            |     4 |     9 ||    13
 Stab: Invisible         |       |     1 ||     1
Armor: Scale mail        |    28 |    68 ||    96
Dodge: Dodged            |    26 |    69 ||    95
Block: Buckler           |     6 |    26 ||    32

Table legend: (Time is in decaauts)
 A = Elapsed time spent in this place.
 B = Non-inter-level travel time spent in this place.
 C = Inter-level travel time spent in this place.
 D = Time resting spent in this place.
 E = Time spent auto-exploring this place.
 F = Levels seen in this place.
 G = Mean time per level.
                   A        B        C        D        E       F      G
               +--------+--------+--------+--------+--------+-----+--------+
         Total |   4471 |   4351 |    120 |   1606 |   1120 |   5 |  894.2 |
       Dungeon |   4471 |   4351 |    120 |   1606 |   1120 |   5 |  894.2 |
               +--------+--------+--------+--------+--------+-----+--------+

Top non-repeatable levels by time:
     D:4: 1876 daAuts
     D:1: 791 daAuts
     D:2: 695 daAuts
     D:3: 651 daAuts
     D:5: 456 daAuts
